 Dungeon Crawl Stone Soup version 0.27-a0-1381-g81fdcbfb23 (webtiles) character file.

Game seed: 18257549158520404080

624924 Conn the Sorcerer (level 27, -4/161 HPs)
             Began as an Octopode Fire Elementalist on June 28, 2021.
             Was a High Priest of Sif Muna.
             Slain by a reaper (20 damage)
             ... in the Vestibule of Hell on June 30, 2021.
             The game lasted 06:25:36 (99170 turns).

Conn the Sorcerer (Octopode Fire Elementalist)     Turns: 99170, Time: 06:25:41

Health: -4/161     AC:  0    Str: 13    XL:     27
Magic:  0/61       EV: 19    Int: 44    God:    Sif Muna [*****.]
Gold:   2739       SH: 14    Dex: 16    Spells: 7/77 levels left

rFire    + + +     SeeInvis +   y - staff of conjuration
rCold    + + .     Faith    .   o - +2 buckler "Koisu" {rElec rC+ Slay+3}
rNeg     + . .     Spirit   +   K - +2 hat of the Bear Spirit {Spirit, +Rage rN+ Will++}
rPois    +         Reflect  +   s - amulet of reflection
rElec    +         Harm     .   N - ring of Muhylu Rewn {rC+ MP+9}
rCorr    +         Rampage  .   h - +4 ring of protection
Will     +++++                  v - ring of the Shining Light {rF+ rC+}
Stlth    +++++.....             k - ring of Wiureacs {rCorr Int+6}
HPRegen  1.36/turn              l - ring "Xidgheud" {rPois rF+ Will+ Int+4 Dex+2}
MPRegen  0.37/turn              C - ring of the Octopus King {AC+1 EV+1 Str+1 Int+1 Dex+1 SInv}
                                J - +6 ring of intelligence
                                z - ring of fire

@: brilliant, corroded, channeling, very slightly contaminated, hasted, studying
2 skills, very quick
A: almost no armour, amphibious, 8 rings, camouflage 1, gelatinous body 1,
(nimble swimmer 1), tentacles, regeneration 1, strong 1
}: 4/15 runes: serpentine, barnacled, slimy, silver
a: Renounce Religion, Evoke Berserk Rage, Channel Magic, Forget Spell, Divine
Exegesis


You were in the Vestibule of Hell.
You worshipped Sif Muna.
Sif Muna was extremely pleased with you.
You visited 11 branches of the dungeon, and saw 51 of its levels.
You visited the Abyss 1 time.
You visited 2 bazaars.
You also visited: Volcano.

You collected 8247 gold pieces.
You spent 5508 gold pieces at shops.

Inventory:

Hand Weapons
 a - a +1 rapier of protection
 e - the +6 shillelagh "Devastator" {shatter}
   (You found it on level 4 of the Shoals)
 L - the +4 short sword of Scorn {freeze, *Slow rN+++ rCorr Str+2}
   (You bought it in a shop on level 2 of the Orcish Mines)

   It has been specially enchanted to freeze those struck by it, causing extra
   injury to most foes and up to half again as much damage against particularly
   susceptible opponents.
   It can also slow down cold-blooded creatures.
   Str:       It affects your strength (+2).
   rN:        It renders you almost immune to negative energy.
   rCorr:     It protects you from acid and corrosion.
   *Slow:     It may slow you when you take damage.
Missiles
 V - 5 boomerangs of dispersal
Armour
 o - the +2 buckler "Koisu" (worn) {rElec rC+ Slay+3}
   (You acquired it on level 3 of the Dungeon)

   Slay:      It affects your accuracy & damage with ranged weapons and melee
   (+3).
   rC:        It protects you from cold.
   rElec:     It insulates you from electricity.
 w - a +3 buckler of protection
 K - the +2 hat of the Bear Spirit (worn) {Spirit, +Rage rN+ Will++}
   (You found it on level 3 of the Elven Halls)

   rN:        It protects you from negative energy.
   +Rage:     It lets you go berserk.
   Will:      It greatly increases your willpower.
 Q - a +3 buckler of reflection
Magical Staves
 b - a staff of fire
 y - a staff of conjuration (weapon)
Jewellery
 h - a +4 ring of protection (right tentacle)
 k - the ring of Wiureacs (on tentacle) {rCorr Int+6}
   (You bought it in a shop on level 2 of the Snake Pit)

   [ring of intelligence]

   Int:       It affects your intelligence (+6).
   rCorr:     It protects you from acid and corrosion.
 l - the ring "Xidgheud" (on tentacle) {rPois rF+ Will+ Int+4 Dex+2}
   (You bought it in a shop in a bazaar)

   [ring of willpower]

   Int:       It affects your intelligence (+4).
   Dex:       It affects your dexterity (+2).
   rF:        It protects you from fire.
   rPois:     It protects you from poison.
   Will:      It increases your willpower.
 p - a ring of wizardry
 s - an amulet of reflection (around mantle)
 t - the ring of Balance {Ice rPois}
   (You found it on level 5 of the Pits of Slime)

   [ring of ice]

   It enhances your ice magic.rF: It makes you vulnerable to fire.
   rC:        It protects you from cold.
   rPois:     It protects you from poison.
 v - the ring of the Shining Light (on tentacle) {rF+ rC+}
   (You acquired it on level 5 of the Vaults)

   [ring of protection from fire]

   rF:        It protects you from fire.
   rC:        It protects you from cold.
 z - a ring of fire (on tentacle)
 A - the amulet of Syeste {Acrobat Will+ Int+4}
   (You bought it in a shop in a bazaar)

   [amulet of the acrobat]

   It increases your evasion while moving and waiting.Int: It affects your
   intelligence (+4).
   Will:      It increases your willpower.
 C - a ring of the Octopus King (on tentacle) {AC+1 EV+1 Str+1 Int+1 Dex+1 SInv}
   (You found it on level 1 of the Vaults)

   [ring of see invisible]

   AC:        It affects your AC (+1).
   EV:        It affects your evasion (+1).
   Str:       It affects your strength (+1).
   Int:       It affects your intelligence (+1).
   Dex:       It affects your dexterity (+1).
   SInv:      It lets you see invisible.
 J - a +6 ring of intelligence (on tentacle)
 M - the ring of Jurruiga {rF- Will+ rCorr Stlth+}
   (You took it off a deep elf death mage on level 3 of the Elven Halls)

   [ring of resist corrosion]

   rF:        It makes you vulnerable to fire.
   rCorr:     It protects you from acid and corrosion.
   Will:      It increases your willpower.
   Stlth:     It makes you more stealthy.
 N - the ring of Muhylu Rewn (left tentacle) {rC+ MP+9}
   (You acquired it on level 5 of the Vaults)

   [ring of magical power]

   rC:        It protects you from cold.
   MP:        It affects your magic capacity (+9).
 T - a ring of fire
 X - a ring of positive energy
 Y - the ring "Onaerut" {rPois rN+ SInv}
   (You found it on level 13 of the Dungeon)

   [ring of see invisible]

   rPois:     It protects you from poison.
   rN:        It protects you from negative energy.
   SInv:      It lets you see invisible.
 Z - a +4 ring of evasion
Wands
 c - a wand of digging (4)
 j - a wand of acid (31)
 D - a wand of iceblast (61)
Scrolls
 f - a scroll of magic mapping
 g - a scroll of blinking
 q - 35 scrolls of identify
 r - 18 scrolls of teleportation
 B - 6 scrolls of enchant weapon
 E - 8 scrolls of fog
 G - a scroll of fear
 I - 4 scrolls of amnesia
 P - 7 scrolls of immolation
 S - 3 scrolls of summoning
Potions
 d - 3 potions of heal wounds
 i - 9 potions of brilliance
 m - 11 potions of curing
 n - 2 potions of ambrosia
 u - 13 potions of flight
 x - 4 potions of haste
 F - 4 potions of might
 H - 3 potions of mutation
 O - a potion of invisibility
 R - 3 potions of resistance
 U - 4 potions of magic
 W - 3 potions of lignification


   Skills:
 + Level 6.9 Fighting
 + Level 7.9 Staves
 + Level 9.5 Dodging
 - Level 7.7 Stealth
 + Level 10.0 Shields
 + Level 25.5 Spellcasting
 + Level 21.3 Conjurations
 + Level 3.2 Summonings
 + Level 10.5 Translocations
 + Level 21.6 Fire Magic
 + Level 4.5 Ice Magic
 + Level 2.2 Air Magic
 * Level 7.6 Earth Magic
 - Level 5.3 Invocations
 + Level 2.3 Evocations


You had 7 spell levels left.
You knew the following spells:

 Your Spells              Type           Power      Damage    Failure   Level
a - Foxfire               Conj/Fire      100%       2x1d9     0%          1
b - Dispersal             Tloc           61%        N/A       1%          6
c - Airstrike             Air            42%        N/A       1%          4
d - Fire Storm            Conj/Fire      100%       8d25      4%          9
e - Fireball              Conj/Fire      100%       3d36      0%          5
f - Lehudib's Crystal Sp  Conj/Erth      80%        10d18     4%          8
g - Iskenderun's Mystic   Conj/Tloc      100%       2d19      0%          4
h - Bolt of Magma         Conj/Fire/Erth 97%        4d36      0%          5
i - Orb of Destruction    Conj           89%        9d21      1%          7
j - Ignition              Fire           89%        3d23      1%          8
k - Blink                 Tloc           N/A        N/A       0%          2
l - Hailstorm             Conj/Ice       100%       3d20      0%          4
m - Spellforged Servitor  Conj/Summ      76%        N/A       1%          7

Your spell library contained the following spells:

 Spells                   Type           Power      Damage    Failure   Level
 Apportation              Tloc           100%       N/A       0%          1
 Magic Dart               Conj           100%       1d8       0%          1
 Sandblast                Erth           100%       2d20      0%          1
 Shock                    Conj/Air       100%       1d9       0%          1
 Searing Ray              Conj           100%       3d7       0%          2
 Static Discharge         Conj/Air       100%       N/A       0%          2
 Conjure Flame            Conj/Fire      100%       6-21      0%          3
 Dazzling Flash           Conj/Hex       100%       N/A       0%          3
 Gell's Gravitas          Tloc           61%        N/A       0%          3
 Inner Flame              Hex/Fire       100%       N/A       0%          3
 Lesser Beckoning         Tloc           61%        N/A       0%          3
 Stone Arrow              Conj/Erth      100%       3d13      0%          3
 Teleport Other           Tloc           100%       N/A       0%          3
 Sticky Flame             Conj/Fire      100%       2d11      0%          4
 Iskenderun's Battlesphe  Conj           100%       2d15      0%          5
 Starburst                Conj/Fire      100%       8x6d25    0%          6
 Animate Skeleton         Necr           100%       N/A       1%          1
 Beastly Appendage        Tmut           100%       N/A       1%          1
 Corona                   Hex            78%        N/A       1%          1
 Freeze                   Ice            100%       1d11      1%          1
 Pain                     Necr           100%       1d9       1%          1
 Sting                    Tmut/Pois      100%       1d8       1%          1
 Summon Small Mammal      Summ           100%       N/A       1%          1
 Call Imp                 Summ           91%        N/A       1%          2
 Corpse Rot               Necr/Air       N/A        N/A       1%          2
 Ensorcelled Hibernation  Hex/Ice        100%       N/A       1%          2
 Passwall                 Tmut/Erth      78%        N/A       1%          2
 Poisonous Vapours        Pois/Air       100%       N/A       1%          2
 Slow                     Hex            71%        N/A       1%          2
 Sublimation of Blood     Necr           35%        N/A       1%          2
 Wereblood                Tmut           71%        N/A       1%          2
 Call Canine Familiar     Summ           91%        N/A       1%          3
 Confusing Touch          Hex            71%        N/A       1%          3
 Frozen Ramparts          Ice            100%       1d12      1%          3
 Ignite Poison            Fire/Tmut/Pois 100%       N/A       1%          3
 Mephitic Cloud           Conj/Pois/Air  100%       N/A       1%          3
 Ozocubu's Armour         Ice            97%        N/A       1%          3
 Portal Projectile        Hex/Tloc       100%       N/A       1%          3
 Spider Form              Tmut/Pois      35%        N/A       1%          3
 Summon Guardian Golem    Hex/Summ       81%        N/A       1%          3
 Swiftness                Air            85%        N/A       1%          3
 Tukima's Dance           Hex            71%        N/A       1%          3
 Vampiric Draining        Necr           35%        2d11      1%          3
 Fulminant Prism          Conj/Hex       73%        3d30      1%          4
 Ice Form                 Ice/Tmut       85%        N/A       1%          4
 Leda's Liquefaction      Hex/Erth       47%        N/A       1%          4
 Passage of Golubria      Tloc           N/A        N/A       1%          4
 Petrify                  Tmut/Erth      94%        N/A       1%          4
 Summon Ice Beast         Ice/Summ       94%        N/A       1%          4
 Summon Lightning Spire   Summ/Air       88%        N/A       1%          4
 Borgnjor's Vile Clutch   Necr/Erth      47%        N/A       1%          5
 Freezing Cloud           Conj/Ice/Air   71%        6-21      1%          5
 Irradiate                Conj/Tmut      73%        3d38      1%          5
 Lee's Rapid Deconstruct  Erth           55%        3d27*     1%          5
 Lightning Bolt           Conj/Air       75%        1d101     1%          5
 Manifold Assault         Tloc           100%       N/A       1%          5
 Summon Forest            Summ/Tloc      54%        N/A       1%          5
 Conjure Ball Lightning   Conj/Air       75%        3x3d28    1%          6
 Iron Shot                Conj/Erth      80%        9d15      1%          6
 Animate Dead             Necr           35%        N/A       2%          4
 Cause Fear               Hex            35%        N/A       2%          4
 Dispel Undead            Necr           71%        3d24      2%          4
 Olgreb's Toxic Radiance  Pois           71%        N/A       2%          4
 Metabolic Englaciation   Hex/Ice        42%        N/A       3%          5
 Summon Mana Viper        Hex/Summ       81%        N/A       3%          5
 Silence                  Hex/Air        39%        N/A       4%          5
 Agony                    Necr           71%        N/A       8%          5
 Alistair's Intoxication  Tmut/Pois      47%        N/A       8%          5
 Blade Hands              Tmut           35%        N/A       8%          5
 Excruciating Wounds      Necr           35%        N/A       8%          5
 Yara's Violent Unravell  Hex/Tmut       35%        3d14      8%          5
 Statue Form              Tmut/Erth      62%        N/A       9%          6
 Shadow Creatures         Summ           N/A        N/A       11%         6
 Malign Gateway           Summ/Tloc      54%        N/A       14%         7
 Simulacrum               Ice/Necr       42%        N/A       17%         6
 Ozocubu's Refrigeration  Ice            48%        4d14      36%         7
 Death Channel            Necr           35%        N/A       38%         6
 Eringya's Noxious Bog    Tmut/Pois      35%        N/A       38%         6
 Invisibility             Hex            35%        N/A       38%         6
 Monstrous Menagerie      Summ           45%        N/A       52%         7
 Summon Hydra             Summ           45%        N/A       52%         7
 Haunt                    Necr/Summ      40%        N/A       75%         7
 Storm Form               Tmut/Air       39%        N/A       82%         7
 Dragon Form              Tmut           35%        N/A       93%         7
 Disjunction              Tloc           61%        N/A       24%         8
 Chain Lightning          Conj/Air       75%        3d100     92%         9
 Summon Horrible Things   Summ           45%        N/A       99%         8
 Borgnjor's Revivificati  Necr           35%        N/A       100%        8
 Discord                  Hex            35%        N/A       100%        8
 Infestation              Necr           35%        N/A       100%        8
 Necromutation            Tmut/Necr      35%        N/A       100%        8
 Death's Door             Necr           35%        N/A       100%        9
 Dragon's Call            Summ           45%        N/A       100%        9
 Polar Vortex             Ice            48%        N/A       100%        9
 Shatter                  Erth           55%        3d42*     100%        9
 Animate Armour           Summ/Erth      Unusable   N/A       N/A         4

Dungeon Overview and Level Annotations

Branches:
Dungeon (15/15)            Temple (1/1) D:4            Lair (6/6) D:10
 Shoals (4/4) Lair:4        Snake (4/4) Lair:3        Slime (5/5) Lair:6
    Orc (2/2) D:9             Elf (3/3) Orc:2        Vaults (5/5) D:13
  Crypt (0/3) Vaults:3     Depths (5/5) D:15           Hell (1/1)
    Zot (0/5) Depths:5    Volcano (visited)
    Dis: Hell:1         Geh: Hell:1         Coc: Hell:1         Tar: Hell:1

Altars:
Ashenzari
Cheibriados
Dithmenos
Elyvilon
Fedhas
Gozag
Hepliaklqana
Kikubaaqudgha
Makhleb
Nemelex Xobeh
Okawaru
Qazlal
Sif Muna
Trog
Uskayaw
Vehumet
Wu Jian
Xom
Yredelemnul
Zin
The Shining One
Beogh
Jiyva

Shops:
D:7 [   Orc:2 [:*(   Elf:1 [   Elf:2 [   Snake:2 *   Depths:3 ?   Depths:5 :

Portals:
Hell: Depths:1 Depths:2 Depths:3 Depths:5
Abyss: Orc:1 Depths:1 Depths:4
Pandemonium: Depths:2 Depths:3
Ziggurat: Depths:4

Annotations:
Elf:3 Gilette's ghost, adept DrCj


Innate Abilities, Weirdness & Mutations

You cannot wear most types of armour.
You are amphibious.
You can wear up to eight rings at the same time.
Your skin changes colour to match your surroundings (Stealth+).
Your rubbery body absorbs attacks. (AC +1, EV +1)
((You are camouflaged near water. (Stealth+)))
You have tentacles for arms and can constrict up to eight enemies at once.
Your natural rate of healing is unusually fast.
Your muscles are strong. (Str +2)


Message History

As you read the scroll of blinking, it crumbles to dust.
The anaconda zombie bites you.
* * * LOW HITPOINT WARNING * * *
A hell hog comes into view.
The vampire knight mumbles some strange words.
The vampire knight flickers and vanishes for a moment.
The ancient champion gestures at you while chanting.
The iron shot hits your fire vortex!!
A necromancer comes into view. It is wielding a +0 dagger.
Something bites your fire vortex!
You block the anaconda skeleton's attack.
* * * LOW HITPOINT WARNING * * *
The anaconda skeleton constricts you.
Your fire vortex hits something.
Your fire vortex burns something!
Your fire vortex dissipates!
Something closely misses the hell hog.
Your fire vortex hits the hell knight.
Your fire vortex dissipates!
You hear a shout!
Okay, then.
Okay, then.
Okay, then.
Blink to where?
Press: ? - help, Dir - move target You escape the anaconda skeleton's grasp.
As you read the scroll of blinking, it crumbles to dust. 2 reapers come into view.
A reaper is wielding a +0 scythe of venom.
A reaper is wielding a +1 vorpal scythe.
The ancient champion casts a spell.
The ancient champion seems to speed up.
The phantasmal warrior blinks!
You block the reaper's attack.
The hell hog is engulfed in blazing flames.
A smoke demon comes into view.
A hell hog comes into view.
Your fire vortex hits the reaper.
Your fire vortex burns the reaper!
Your fire vortex dissipates!
The necromancer closely misses your fire vortex.
The hell hog breathes fire at you.
The fireball explodes!
The fireball engulfs you! You resist.
* * * LOW HITPOINT WARNING * * *
The reaper hits you from afar with a +0 scythe of venom!!
You die...

3.h#○p..v..#...
2..z.zh...... §
.○p..)...v... . ≈§
.v○p....... ..
...###.....v...###...
≈≈...○....pV.........
≈....°.....)÷Z.......
.....2.@...pZ§.).....
......#....3.†#[.....
..... ..W.#.)). .....
.... .....#.†..) ....
... ......#...... ...
.. ............... ..
. ................. .
........v..........


You could see 2 reapers, a vampire knight (fast, invisible), 2 ancient
champions, 4 hell knights, 2 hell hogs, a sun demon, a phantasmal warrior, a
necromancer, a smoke demon, an anaconda zombie, an anaconda skeleton and 5
friendly fire vortices.

Vanquished Creatures
  the Royal Jelly (Slime:5)
  A dread lich (Vaults:5)
  Mara (Snake:4)
  2 ancient liches (Vaults:5)
  Boris (Vaults:3)
  The ghost of passata the Slayer, a veteran FoFi of Okawaru (Elf:3)
  Geryon (Hell)
  3 golden dragons
  The ghost of Pairu the Slayer, an adept DjAE of Ashenzari (Elf:3)
  Nikola (Shoals:3)
  3 caustic shrikes (Depths:5)
  the Enchantress (Depths:5)
  A Tzitzimitl (Depths:2)
  5 tentacled monstrosities
  3 liches
  The ghost of Ocaaf the Scholar, an adept DsIE of Sif Muna (Elf:3)
  The ghost of Vohiat the Scholar, an adept DsIE of Sif Muna (Elf:3)
  7 titans
  A quicksilver dragon (Vaults:5)
  A quicksilver dragon (shapeshifter) (Orc:1)
  Murray (Hell)
  3 deep elf blademasters (Elf:3)
  Asterion (Snake:2)
  24 acid blobs
  4 krakens
  7 shadow dragons
  4 ancient champions
  2 Executioners (Depths:2)
  8 tengu reavers
  8 sphinxes
  2 storm dragons (Vaults:5)
  Kirke (D:12)
  7 nagarajas
  The ghost of Jymonawe the Fencer, an adept DrGl of Ashenzari (Depths:1)
  A daeva (Depths:4)
  7 rockslimes
  The ghost of Eheximeo the Cleaver, an adept GnBe of Trog (Elf:3)
  10 frost giants
  9 azure jellies
  Donald (Snake:1)
  5 fire giants
  A rockslime (shapeshifter) (Depths:3)
  The ghost of Ranovirph the Spry, a journeyman DjMo of Ashenzari (Snake:4)
  A balrug (Hell)
  2 orc warlords
  The ghost of katzbalger the Zephyrmancer, a journeyman DgAE (D:13)
  20 vault wardens
  2 iron dragons (Hell)
  Aizul (Snake:2)
  A draconian knight (Depths:5)
  A draconian stormcaller (Depths:5)
  An emperor scorpion (shapeshifter) (Vaults:5)
  12 deep elf sorcerers
  19 ironbound preservers
  22 quicksilver oozes
  2 deep elf elementalists (Elf:3)
  4 war gargoyles
  3 reapers
  2 juggernaut skeletons (Depths:2)
  4 spriggan defenders
  A caustic shrike skeleton (D:15)
  19 very ugly things
  A juggernaut zombie (Depths:2)
  23 stone giants
  The ghost of Naunuok the Eclecticist, a journeyman DEIE of Vehumet (Elf:3)
  5 vampire knights
  6 deep elf demonologists
  3 red draconians (Depths:5)
  2 white draconians (Depths:5)
  3 spark wasps (Depths:1)
  2 entropy weavers
  4 dire elephants
  A yellow draconian (Depths:5)
  A black draconian (Depths:5)
  Azrael (Orc:2)
  8 deep elf annihilators
  A lorocyproca (Hell)
  2 blizzard demons (Hell)
  9 deep elf death magi
  4 merfolk javelineers (Shoals:4)
  The ghost of lupus83 the Peltast, a journeyman GrFi of Vehumet (Lair:6)
  17 ettins
  Josephine (Orc:2)
  A jiangshi (Vaults:3)
  2 quicksilver dragon zombies
  6 deep elf high priests
  5 merfolk impalers
  A spectral golden dragon (Depths:2)
  9 fire dragons
  16 yaktaur captains
  35 vault guards
  The ghost of Ceguet the Grappler, a journeyman DrTm of Gozag (Orc:1)
  11 great orbs of eyes
  6 ironbound thunderhulks
  17 naga warriors
  A hell beast (Depths:2)
  4 rakshasas
  A peacekeeper (Vaults:4)
  4 boulder beetles
  10 ice dragons
  3 spriggan air magi
  11 hydras
  2 ogre magi (Vaults:5)
  Erolcha (D:12)
  7 ironbound frosthearts
  4 salamander tyrants
  A quicksilver dragon skeleton (Depths:2)
  9 merfolk avatars
  A catoblepas (Lair:6)
  5 merfolk aquamancers
  4 satyrs
  6 centaur warriors
  2 spectral frost giants (Depths:2)
  A juggernaut simulacrum (Depths:2)
  9 anacondas
  An alligator (shapeshifter) (Vaults:5)
  32 dancing weapons
  An alligator snapping turtle (Shoals:1)
  8 death yaks
  6 two-headed ogres
  5 tengu warriors
  A deep troll shaman (Depths:3)
  8 naga sharpshooters
  The ghost of BlueGoblin the Quickloader, a novice GnHu of Dithmenos (D:9)
  3 deep troll earth magi
  8 vampire magi
  4 hell hogs (Hell)
  A spectral storm dragon (Depths:2)
  5 ironbound beastmasters
  11 shock serpents
  A spectral stone giant (Depths:2)
  5 orc high priests
  5 spriggan berserkers
  A hell knight (Depths:3)
  19 deep elf knights
  10 sun demons
  Nergalle (Lair:2)
  2 fire crabs
  3 iron trolls
  A fire crab (shapeshifter) (Vaults:5)
  5 soul eaters
  A sixfirhy (Depths:2)
  7 salamander mystics
  5 skeletal warriors
  A storm dragon skeleton (Depths:2)
  5 flayed ghosts (Depths:2)
  14 sea snakes
  2 glowing orange brains
  49 deep trolls
  9 naga ritualists
  21 wizards
  A swamp dragon (Lair:6)
  A kraken simulacrum (Shoals:4)
  5 lindwurms
  8 orc knights
  A sphinx zombie (Depths:2)
  9 deep elf archers
  A golden dragon skeleton (Depths:2)
  4 orc sorcerers
  5 phantasmal warriors
  5 necromancers
  20 deep elf pyromancers
  13 ironbound convokers
  67 ugly things
  10 fauns
  15 deep elf zephyrmancers
  17 harpies
  An iron dragon zombie (Depths:2)
  6 oklob plants
  11 mana vipers
  2 tengu skeletons (Depths:2)
  A shadow dragon skeleton (Depths:2)
  10 cyclopes
  25 salamanders
  A faun (shapeshifter) (Depths:5)
  A stone giant zombie (D:15)
  A sphinx skeleton (Depths:2)
  A salamander (shapeshifter) (Depths:1)
  11 manticores
  7 shining eyes
  An elf zombie (Depths:2)
  A worldbinder (Orc:1)
  Maurice (D:8)
  A manticore (shapeshifter) (Depths:3)
  13 elephants
  4 guardian serpents
  6 merfolk sirens
  9 rust devils
  Joseph (D:8)
  5 torpor snails (Lair:6)
  19 vault sentinels
  43 black mambas
  9 water nymphs
  An ice statue (D:8)
  27 naga magi
  2 molten gargoyles (Volcano)
  3 eyes of devastation
  A gargoyle (D:10)
  A kobold demonologist (D:10)
  A titan simulacrum (Hell)
  An unseen horror (shapeshifter) (Elf:1)
  7 cane toads
  An emperor scorpion zombie (Hell)
  2 demonic crawlers (Hell)
  6 komodo dragons
  5 rime drakes
  5 ice devils (D:8)
  5 freezing wraiths
  38 yaktaurs
  An efreet (D:15)
  An ancient zyme (Orc:1)
  5 red devils
  5 tengu conjurers
  11 trolls
  A jumping spider (Vaults:3)
  22 merfolk
  A troll (shapeshifter) (Vaults:5)
  6 hornets (Lair:6)
  A sphinx simulacrum (Depths:2)
  4 tyrant leeches (Lair:6)
  9 wind drakes
  31 blink frogs
  4 polar bears
  2 raiju (Orc:1)
  A meliai zombie (D:11)
  115 slime creatures
  A fire dragon zombie (Hell)
  An ice dragon zombie (D:15)
  6 snapping turtles
  A frost giant simulacrum (Hell)
  A large abomination (Orc:1)
  10 dream sheep
  Sigmund (D:3)
  2 redbacks (Vaults:3)
  A flying skull (Vaults:3)
  An ettin skeleton (D:15)
  25 water elementals
  A vampire (D:12)
  50 yaks
  3 air elementals
  9 fire elementals
  5 humans (D:13)
  5 wyverns
  A shadow (D:12)
  A spriggan simulacrum (Depths:2)
  7 wraiths
  2 fire bats (Volcano)
  13 golden eyes
  3 hogs (D:12)
  4 steam dragons
  3 basilisks
  6 vampire mosquitoes
  Menkaure (D:7)
  3 acid dragons
  45 nagas
  8 wargs
  28 water moccasins
  7 hell hounds
  A floating eye (Depths:3)
  Duvessa (D:7)
  A swamp drake (Lair:6)
  40 orc warriors
  2 ice beasts
  A black bear (shapeshifter) (Vaults:5)
  4 sky beasts
  4 wolves (Lair:1)
  A boggart (shapeshifter) (Vaults:5)
  A boggart (Elf:1)
  2 black bears
  7 ogres
  3 phantoms
  6 centaurs
  3 kobold brigands
  9 bullfrogs
  2 gnoll sergeants
  2 scorpions
  3 earth elementals
  Dowan (D:7)
  2 water moccasin skeletons
  3 killer bees (D:9)
  9 wights
  12 electric eels
  4 howler monkeys
  9 lava snakes (Volcano)
  2 centaur zombies
  2 hounds (D:5)
  3 jellies
  14 orc priests
  2 bullfrog skeletons (D:5)
  A centaur skeleton (D:6)
  Jessica (D:3)
  A human skeleton (Hell)
  6 iguanas
  6 hell rats (Hell)
  17 orc wizards
  A killer bee zombie (D:6)
  A hound skeleton (D:4)
  3 gnolls
  An ogre simulacrum (Hell)
  12 adders
  2 shadow imps
  A white imp (D:5)
  7 ufetubi (D:8)
  A worm (D:5)
  A dart slug (D:4)
  69 orcs
  7 endoplasms
  2 giant cockroaches
  7 goblins
  7 hobgoblins
  2 jackals (D:4)
  18 kobolds
  4 quokkas
  6 ball pythons
  8 bats
  4 frilled lizards
  8 rats
  6 bushes (Lair:2)
  A lurking horror (Orc:1)
  2 plants
  4 tentacles
2145 creatures vanquished.

Vanquished Creatures (collateral kills)
  Sojobo (Depths:1)
  A vault warden (Vaults:1)
  An ironbound preserver (Vaults:5)
  A reaper (Depths:2)
  A quicksilver ooze (Depths:1)
  An ettin (Vaults:5)
  A yaktaur captain (Vaults:2)
  A spectral fire giant (Depths:2)
  A naga sharpshooter (Snake:3)
  A glowing orange brain (Depths:3)
  An ugly thing (Vaults:2)
  A naga mage (Snake:4)
  A slime creature (Depths:1)
  5 foxfires
18 creatures vanquished.

Vanquished Creatures (others)
  A vault guard (D:13)
  An ugly thing (D:13)
  4 humans
  3 bushes
  89 fire vortices
  1959 foxfires
  57 fungi
  344 plants
  16 tentacles
  4 withered plants (D:15)
2478 creatures vanquished.

Grand Total: 4641 creatures vanquished

Notes
Turn   | Place    | Note
-------+----------+-------------------------------------------
     0 | D:1      | Conn the Octopode Fire Elementalist began the quest for the
                  | Orb.
     0 | D:1      | Reached XP level 1. HP: 11/11 MP: 3/3
   257 | D:1      | Reached XP level 2. HP: 17/17 MP: 1/5
   835 | D:1      | Reached XP level 3. HP: 21/21 MP: 2/6
  1773 | D:2      | Reached XP level 4. HP: 27/27 MP: 5/7
  2159 | D:2      | Reached skill level 3 in Spellcasting
  2173 | D:2      | Reached XP level 5. HP: 31/31 MP: 6/9
  2673 | D:3      | Noticed Sigmund
  2681 | D:3      | Learned a level 3 spell: Conjure Flame
  2685 | D:3      | Learned a level 3 spell: Inner Flame
  2758 | D:3      | Killed Sigmund
  2759 | D:3      | Reached skill level 5 in Fire Magic
  2759 | D:3      | Reached XP level 6. HP: 16/36 MP: 3/11
  3022 | D:3      | Found a faded altar of an unknown god.
  3143 | D:3      | Found a broken altar of Ashenzari.
  3408 | D:3      | Identified 2 scrolls of acquirement
  3408 | D:3      | Acquired the +2 buckler "Koisu" {rElec rC+ Slay+3}
  3420 | D:3      | Learned a level 4 spell: Sticky Flame
  3452 | D:3      | Noticed Jessica
  3501 | D:3      | Killed Jessica
  3502 | D:3      | Reached skill level 1 in Staves
  3784 | D:3      | Found a glowing silver altar of Zin.
  3787 | D:3      | Found a basalt altar of Yredelemnul.
  3787 | D:3      | Found an opulent altar of Gozag.
  3997 | D:4      | Reached skill level 4 in Spellcasting
  4278 | D:4      | Reached XP level 7. HP: 41/41 MP: 10/13
  4832 | D:4      | Found a staircase to the Ecumenical Temple.
  4841 | Temple   | Entered the Ecumenical Temple
  4849 | Temple   | Became a worshipper of Sif Muna the Loreminder
  5123 | D:5      | Entered Level 5 of the Dungeon
  5146 | D:5      | Reached skill level 1 in Shields
  5427 | D:5      | Reached skill level 5 in Spellcasting
  5427 | D:5      | Reached XP level 8. HP: 22/46 MP: 11/15
  5582 | D:5      | Learned a level 5 spell: Fireball
  5582 | D:5      | Acquired a +4 ring of slaying
  7270 | D:6      | Reached * piety under Sif Muna
  7271 | D:6      | Reached skill level 6 in Spellcasting
  7271 | D:6      | Reached XP level 9. HP: 46/51 MP: 10/18
  7446 | D:6      | Gained mutation: Your magical capacity is low. (-10% MP)
                  | [potion of mutation]
  7446 | D:6      | Gained mutation: Potions are less effective at restoring
                  | your health. [potion of mutation]
  7454 | D:6      | HP: 2/51 [poisoned by a water moccasin]
  8248 | D:7      | Found Ankasch's Armour Shoppe.
  8284 | D:7      | Noticed Menkaure
  8362 | D:7      | Killed Menkaure
  8584 | D:7      | Noticed a troll
  8596 | D:7      | Killed a troll
  8793 | D:7      | Noticed Dowan
  8798 | D:7      | Noticed Duvessa
  8816 | D:7      | Killed Duvessa
  8826 | D:7      | Killed Dowan
  9380 | D:8      | Reached skill level 7 in Spellcasting
  9580 | D:8      | Reached XP level 10. HP: 16/57 MP: 5/18
  9904 | D:8      | Reached skill level 5 in Shields
  9919 | D:8      | Found a stormy altar of Qazlal.
  9994 | D:8      | Found a radiant altar of Vehumet.
 10091 | D:8      | Noticed Joseph
 10541 | D:8      | Killed Joseph
 10542 | D:8      | Reached skill level 1 in Fighting
 10722 | D:8      | Reached ** piety under Sif Muna
 10913 | D:8      | Reached skill level 5 in Conjurations
 11014 | D:8      | Noticed an ice statue
 11175 | D:8      | Reached skill level 8 in Spellcasting
 11645 | D:8      | Killed an ice statue
 11956 | D:8      | Noticed Maurice
 11979 | D:8      | Killed Maurice
 11980 | D:8      | Reached skill level 10 in Fire Magic
 11980 | D:8      | Reached XP level 11. HP: 51/63 MP: 6/21
 12488 | D:8      | Identified the +2 scale mail of the Armadillo {Will+}
 12773 | D:9      | Found a staircase to the Orcish Mines.
 12782 | Orc:1    | Entered Level 1 of the Orcish Mines
 12783 | Orc:1    | Noticed an orc warlord
 13286 | D:9      | Found a runed translucent door.
 13286 | D:9      | Noticed BlueGoblin's ghost (novice GnHu)
 13346 | D:9      | Identified the +4 whip "Qiav" {distort, *Rage rElec Int-5
                  | Stlth+}
 13369 | D:9      | Found a white marble altar of Elyvilon.
 13629 | D:9      | Learned a level 2 spell: Searing Ray
 13634 | D:9      | Learned a level 4 spell: Iskenderun's Mystic Blast
 13654 | D:9      | Reached *** piety under Sif Muna
 13746 | D:9      | Found a snail-covered altar of Cheibriados.
 13746 | D:9      | Found a hide-covered altar of Uskayaw.
 14098 | D:10     | Entered Level 10 of the Dungeon
 14112 | D:10     | Noticed a four-headed hydra
 14126 | D:10     | Killed a four-headed hydra
 14294 | D:10     | Reached skill level 9 in Spellcasting
 15308 | D:10     | Found a staircase to the Lair.
 15865 | D:11     | Noticed a cyclops
 16308 | Lair:1   | Entered Level 1 of the Lair of Beasts
 16432 | Lair:1   | Found the +8 longbow "Zephyr" {speed, Dex+3 SInv}
 16497 | Lair:1   | Reached XP level 12. HP: 65/70 MP: 4/22
 16504 | Lair:1   | Reached skill level 5 in Stealth
 17428 | Lair:2   | Learned a level 5 spell: Bolt of Magma
 17449 | Lair:2   | Reached **** piety under Sif Muna
 17461 | Lair:2   | Identified the +5 ring mail of Negation {Contam rN+ Dex+6
                  | Stlth+}
 17798 | Lair:2   | Noticed a seven-headed hydra
 18717 | Lair:2   | Noticed a death yak
 18719 | Lair:2   | Noticed a death yak
 18719 | Lair:2   | Noticed a death yak
 18726 | Lair:2   | Killed a death yak
 18749 | Lair:2   | Killed a death yak
 18750 | Lair:2   | Reached skill level 10 in Conjurations
 18776 | Lair:2   | Killed a death yak
 19115 | Lair:2   | Reached skill level 10 in Spellcasting
 19226 | Lair:2   | Noticed Nergalle
 19234 | Lair:2   | Killed Nergalle
 19561 | Lair:3   | Found a staircase to the Snake Pit.
 19571 | Lair:3   | Noticed a six-headed hydra
 19697 | Lair:2   | Identified the +4 scale mail of the Were-rabbit {rF- rN+
                  | rCorr Stlth+}
 20326 | Lair:2   | Reached XP level 13. HP: 60/77 MP: 19/24
 20893 | Lair:2   | HP: 4/115 [five-headed hydra (7)]
 21428 | Lair:3   | Reached skill level 5 in Dodging
 22551 | Lair:3   | Reached skill level 1 in Translocations
 23821 | Lair:4   | Found a staircase to the Shoals.
 24873 | Lair:5   | Reached skill level 11 in Spellcasting
 25021 | Lair:5   | Reached XP level 14. HP: 29/84 MP: 23/26
 25466 | Lair:5   | Reached ***** piety under Sif Muna
 26002 | Lair:5   | Learned a level 7 spell: Orb of Destruction
 26034 | Lair:6   | Entered Level 6 of the Lair of Beasts
 26244 | Lair:6   | Received a gift from Sif Muna
 26245 | Lair:6   | Got Gitiocuonn's Disquisition on Dusty Orientation {god
                  | gift}
 27312 | Lair:6   | Reached skill level 5 in Staves
 27745 | Lair:6   | Found a large runed translucent door.
 27745 | Lair:6   | Found a large runed translucent door.
 28126 | Lair:6   | Noticed lupus83's ghost (journeyman GrFi)
 28346 | Lair:6   | Upgraded the game from 0.27-a0-1365-ge71e8f7681 to
                  | 0.27-a0-1374-gc14e5d3922
 28369 | Lair:6   | Found a runed translucent door.
 28402 | Lair:6   | Paralysed by a hornet for 2 turns
 28718 | Lair:6   | Found a staircase to the Slime Pits.
 28719 | Lair:6   | Found a viscous altar of Jiyva.
 28969 | Lair:6   | Reached skill level 1 in Invocations
 29595 | Lair:6   | Reached skill level 1 in Earth Magic
 29596 | Lair:6   | Reached skill level 1 in Evocations
 30579 | Orc:1    | Received a gift from Sif Muna
 31344 | D:11     | Reached XP level 15. HP: 86/90 MP: 2/27
 31598 | D:11     | Found an iron altar of Okawaru.
 31684 | D:11     | Reached skill level 12 in Spellcasting
 32607 | D:12     | Noticed Kirke
 32617 | D:12     | Killed Kirke
 33157 | D:12     | Noticed Erolcha
 33167 | D:12     | Killed Erolcha
 34307 | D:13     | Found a runed translucent door.
 34311 | D:13     | Noticed katzbalger's ghost (journeyman DgAE)
 34422 | D:13     | Killed katzbalger's ghost
 34486 | D:13     | Identified the ring "Onaerut" {rPois rN+ SInv}
 35664 | D:13     | Found a gate to the Vaults.
 36364 | D:14     | Found a hide-covered altar of Uskayaw.
 36746 | D:14     | Reached skill level 13 in Spellcasting
 36879 | D:14     | You fall into a shaft and drop 1 floor!
 36879 | D:15     | Entered Level 15 of the Dungeon
 36925 | D:15     | Found a staircase to the Depths.
 37619 | D:14     | Received a gift from Sif Muna
 37620 | D:14     | Got Sif Muna's Handbook of Moulding {god gift}
 38317 | D:14     | Reached XP level 16. HP: 97/97 MP: 17/29
 38428 | D:15     | Reached skill level 15 in Conjurations
 39863 | D:15     | Reached skill level 5 in Invocations
 41268 | Orc:1    | Learned a level 8 spell: Ignition
 41500 | Orc:1    | Found a transporter.
 41505 | Orc:1    | Found a one-way gate to the infinite horrors of the Abyss.
 41505 | Orc:1    | Noticed Ceguet's ghost (journeyman DrTm)
 41661 | Orc:1    | Found a transporter.
 41818 | Orc:1    | Noticed an azure jelly
 41826 | Orc:1    | Noticed a storm dragon
 41826 | Orc:1    | a dire elephant changed into a storm dragon
 41843 | Orc:1    | Noticed an azure jelly
 42049 | Orc:2    | Entered Level 2 of the Orcish Mines
 42049 | Orc:2    | Found Kocaning's Antique Weapon Shoppe.
 42067 | Orc:2    | Found a staircase to the Elven Halls.
 42071 | Orc:2    | Bought a transparent short sword for 200 gold pieces
 42071 | Orc:2    | Identified the +4 short sword of Scorn {freeze, *Slow rN+++
                  | rCorr Str+2} (You bought it in a shop on level 2 of the
                  | Orcish Mines)
 42071 | Orc:2    | Bought a faintly glowing hunting sling for 162 gold pieces
 42071 | Orc:2    | Identified the +7 hunting sling "Ciefotig" {vorpal, Str+7}
                  | (You bought it in a shop on level 2 of the Orcish Mines)
 42071 | Orc:2    | Bought an ivory dagger for 175 gold pieces
 42071 | Orc:2    | Identified the +5 dagger "Gosutiz" {distort, rPois rF+
                  | Dex+4} (You bought it in a shop on level 2 of the Orcish
                  | Mines)
 42198 | Orc:2    | Found Ukimec's General Store.
 42275 | Orc:2    | Reached skill level 14 in Spellcasting
 42354 | Orc:2    | Found Vitisuro's Book Boutique.
 42456 | Orc:2    | Found Ciritz's Antique Armour Shoppe.
 42456 | Orc:2    | Noticed Azrael
 42651 | Orc:2    | Found a dark tunnel.
 42660 | Volcano  | Entered a volcano
 42804 | Volcano  | Received a gift from Sif Muna
 42805 | Volcano  | Got Sif Muna's Almanac of Poison and Weightlessness {god
                  | gift}
 43333 | Volcano  | Found a bloodstained altar of Trog.
 44094 | Orc:2    | Killed Azrael
 44602 | Orc:2    | Noticed Josephine
 44621 | Orc:2    | Killed Josephine
 45659 | D:9      | Killed BlueGoblin's ghost
 46442 | Lair:6   | Killed lupus83's ghost
 47378 | Orc:1    | Noticed a quicksilver dragon
 47407 | Orc:1    | Killed a quicksilver dragon
 47408 | Orc:1    | Reached XP level 17. HP: 83/101 MP: 24/31
 47419 | Orc:1    | Killed Ceguet's ghost
 47723 | Orc:1    | Lost mutation: Your magical capacity is low. (-10% MP)
                  | [potion of mutation]
 47723 | Orc:1    | Gained mutation: You are frail. (-10% HP) [potion of
                  | mutation]
 47870 | Elf:1    | Entered Level 1 of the Elven Halls
 47871 | Elf:1    | Paralysed by an air elemental for 1 turns
 48237 | Elf:1    | Identified the +2 leather armour of the Armoured One
                  | {rCorr}
 48460 | Elf:1    | Lost mutation: You are frail. (-10% HP) [potion of
                  | mutation]
 48460 | Elf:1    | Lost mutation: Potions are less effective at restoring your
                  | health. [potion of mutation]
 48460 | Elf:1    | Gained mutation: You are robust. (+10% HP) [potion of
                  | mutation]
 48460 | Elf:1    | Gained mutation: Your mind is acute. (Int +2) [potion of
                  | mutation]
 48624 | Elf:1    | Got the Grimoire of Combed Thunderclap
 48635 | Elf:1    | Reached skill level 15 in Spellcasting
 48644 | Elf:1    | Got the Incunabulum of Axaxaxas mlö
 48657 | Elf:1    | Got Ts'ui Pên's Volume of Forking Paths
 48772 | Elf:1    | Found Norol's Antique Armour Shoppe.
 48776 | Elf:1    | Cast into level 3 of the Abyss (a wizard)
 48783 | Elf:1    | Escaped the Abyss
 49461 | Elf:2    | Found a huge runed translucent gate.
 49660 | Elf:2    | Found a huge runed translucent gate.
 49661 | Elf:2    | Found a huge runed translucent gate.
 49662 | Elf:2    | Found a huge runed translucent gate.
 49663 | Elf:2    | Found a huge runed translucent gate.
 50279 | Elf:2    | Reached skill level 5 in Fighting
 50492 | Elf:2    | Identified the +6 rapier of the Coward {vamp, Int+4}
 50495 | Elf:2    | Found Vusaem's Armour Emporium.
 50508 | Elf:2    | Reached XP level 18. HP: 118/118 MP: 13/37
 50657 | Elf:1    | Found an ancient bone altar of Kikubaaqudgha.
 50756 | Elf:2    | Received a gift from Sif Muna
 50757 | Elf:2    | Got Sif Muna's Collected Works on Mutagenic Venom {god
                  | gift}
 50897 | Elf:2    | Identified the +1 scale mail "Noud" {Dex+5}
 51347 | Elf:3    | Entered Level 3 of the Elven Halls
 51443 | Elf:3    | Found a flickering gateway to a bazaar.
 51449 | Bazaar   | Entered a bazaar
 51449 | Bazaar   | Found Cifyas's General Store.
 51449 | Bazaar   | Found Nampacuu's Jewellery Shop.
 51449 | Bazaar   | Found Kypurhut's Antique Weapon Shoppe.
 51452 | Bazaar   | Found Fynotoupn's Weapon Shoppe.
 51452 | Bazaar   | Found Histraryry's Antique Weapon Boutique.
 51500 | Bazaar   | Bought the ring "Xidgheud" {rPois rF+ Will+ Int+4 Dex+2}
                  | for 892 gold pieces
 51500 | Bazaar   | Bought a +6 ring of intelligence for 936 gold pieces
 51500 | Bazaar   | Bought the amulet of Syeste {Acrobat Will+ Int+4} for 816
                  | gold pieces
 51721 | Elf:3    | Found a huge runed gate.
 51721 | Elf:3    | Found a huge runed gate.
 51721 | Elf:3    | Found a huge runed gate.
 51721 | Elf:3    | Found a huge runed gate.
 51721 | Elf:3    | Found a huge runed gate.
 51721 | Elf:3    | Found a huge runed gate.
 51721 | Elf:3    | Found a huge runed gate.
 51722 | Elf:3    | Found a huge runed gate.
 51724 | Elf:3    | Found a huge runed gate.
 51724 | Elf:3    | Found a huge runed gate.
 51725 | Elf:3    | Found a huge runed gate.
 51726 | Elf:3    | Found a huge runed gate.
 51727 | Elf:3    | Found a huge runed gate.
 51728 | Elf:3    | Found a huge runed gate.
 51760 | Elf:3    | Found a huge runed gate.
 51760 | Elf:3    | Found a huge runed gate.
 51761 | Elf:3    | Found a huge runed gate.
 51764 | Elf:3    | Found a huge runed gate.
 51764 | Elf:3    | Found a huge runed gate.
 51764 | Elf:3    | Found a huge runed gate.
 51765 | Elf:3    | Found a huge runed gate.
 51771 | Elf:3    | Found a huge runed gate.
 51772 | Elf:3    | Found a huge runed gate.
 51773 | Elf:3    | Found a huge runed gate.
 51774 | Elf:3    | Found a huge runed gate.
 51813 | Elf:3    | Noticed a deep elf blademaster
 51814 | Elf:3    | Reached skill level 16 in Spellcasting
 51821 | Elf:3    | Killed a deep elf blademaster
 51831 | Elf:3    | Reached skill level 15 in Fire Magic
 52293 | Elf:3    | Noticed a Tzitzimitl
 52831 | Elf:3    | Noticed a deep elf blademaster
 52845 | Elf:3    | Killed a deep elf blademaster
 53193 | Elf:3    | Identified the ring of Jurruiga {rF- Will+ rCorr Stlth+}
 53324 | Elf:3    | Noticed a deep elf blademaster
 53330 | Elf:3    | Killed a deep elf blademaster
 53333 | Elf:3    | Identified the +6 plate armour of Saguklo {rCorr Str+3
                  | Dex-4}
 53564 | Elf:3    | Got the Papyrus of the Oath
 53572 | Elf:3    | Got the Tome of the Entourage and Clay
 53605 | Elf:3    | Found the +2 hat of the Bear Spirit {Spirit, +Rage rN+
                  | Will++}
 53684 | Elf:3    | Identified the +1 scale mail of Sulor {rPois rC- rCorr}
 53719 | Elf:3    | Paralysed by an air elemental for 1 turns
 53836 | Elf:3    | Found a huge runed gate.
 53836 | Elf:3    | Found a huge runed gate.
 53977 | Elf:3    | Noticed Pairu's ghost (adept DjAE)
 53977 | Elf:3    | Noticed Gilette's ghost (adept DrCj)
 53977 | Elf:3    | Noticed passata's ghost (veteran FoFi)
 53977 | Elf:3    | Noticed Naunuok's ghost (journeyman DEIE)
 53977 | Elf:3    | Noticed Ocaaf's ghost (adept DsIE)
 53977 | Elf:3    | Noticed Eheximeo's ghost (adept GnBe)
 53977 | Elf:3    | Identified the ring "Zierph" {rF+ rN+ Int+2}
 53977 | Elf:3    | Noticed Ocaaf's ghost (adept DsIE)
 53982 | Elf:3    | Noticed Vohiat's ghost (adept DsIE)
 54371 | Elf:3    | Killed passata's ghost
 54372 | Elf:3    | Reached XP level 19. HP: 125/125 MP: 8/39
 54499 | Elf:3    | Killed Eheximeo's ghost
 54500 | Elf:3    | Reached skill level 5 in Earth Magic
 54613 | Elf:3    | Killed Ocaaf's ghost
 54723 | Elf:3    | Killed Vohiat's ghost
 54807 | Elf:3    | Killed Pairu's ghost
 55047 | Elf:3    | Killed Naunuok's ghost
 55433 | Snake:1  | Entered Level 1 of the Snake Pit
 55441 | Snake:1  | Reached skill level 17 in Spellcasting
 55779 | Snake:1  | Identified the +2 ring mail "Tiudel" {rCorr}
 56728 | Snake:1  | Identified the +2 kite shield of Cocytus {Dex+2}
 56728 | Snake:1  | Noticed Donald
 56734 | Snake:1  | Killed Donald
 57585 | Snake:2  | Received a gift from Sif Muna
 57590 | Snake:2  | Got Sif Muna's Compendium of Evil Attacks {god gift}
 57596 | Snake:2  | Learned a level 2 spell: Blink
 57601 | Snake:2  | Learned a level 4 spell: Hailstorm
 58206 | Snake:2  | Reached skill level 1 in Ice Magic
 58229 | Snake:2  | Noticed Aizul
 58400 | Snake:2  | Killed Aizul
 58478 | Snake:2  | Found Iumuimn's Incredible Inventory.
 58490 | Snake:2  | Bought the ring of Wiureacs {rCorr Int+6} for 782 gold
                  | pieces
 59049 | Snake:3  | Noticed Asterion
 59629 | Snake:2  | Killed Asterion
 59630 | Snake:2  | Reached XP level 20. HP: 68/130 MP: 5/41
 60861 | Snake:3  | Reached skill level 18 in Spellcasting
 61305 | Snake:4  | Entered Level 4 of the Snake Pit
 61855 | Snake:4  | Learned a level 7 spell: Spellforged Servitor
 61864 | Snake:4  | Learned a level 6 spell: Dispersal
 62150 | Snake:4  | Noticed Mara
 62156 | Snake:4  | Noticed Conn's illusion
 62171 | Snake:4  | Killed Mara
 62172 | Snake:4  | Reached skill level 1 in Summonings
 62541 | Snake:4  | Found a runed translucent door.
 62542 | Snake:4  | Found a shimmering altar of Xom.
 62542 | Snake:4  | Noticed Ranovirph's ghost (journeyman DjMo)
 62567 | Snake:4  | Killed Ranovirph's ghost
 62696 | Snake:4  | Found a gateway to a bazaar.
 62701 | Bazaar   | Entered a bazaar
 62701 | Bazaar   | Found Moluor's Antique Weapon Emporium.
 62701 | Bazaar   | Found Diluam's Jewellery Shoppe.
 62701 | Bazaar   | Found Loptoaqu's General Store.
 62703 | Bazaar   | Found Ciuraud's Jewellery Shoppe.
 64282 | Snake:4  | Identified the +1 shortbow of Zumuenu {speed, Dex+8}
 64296 | Snake:4  | Got a serpentine rune of Zot
 64564 | Shoals:1 | Entered Level 1 of the Shoals
 65233 | Shoals:1 | Received a gift from Sif Muna
 65244 | Shoals:1 | Got Sif Muna's Disquisition on Dusty Conjuration {god gift}
 66028 | Shoals:1 | Reached XP level 21. HP: 137/137 MP: 28/43
 67681 | Shoals:3 | Reached skill level 5 in Translocations
 68372 | Shoals:3 | Noticed Nikola
 68401 | Shoals:3 | Killed Nikola
 68691 | Shoals:3 | Reached skill level 19 in Spellcasting
 68961 | Shoals:4 | Entered Level 4 of the Shoals
 68999 | Shoals:4 | HP: 1/137 [satyr/arrow (31)]
 70932 | Shoals:4 | Got a barnacled rune of Zot
 71026 | Shoals:4 | Found the +6 shillelagh "Devastator" {shatter}
 71461 | Slime:1  | Entered Level 1 of the Pits of Slime
 71772 | Slime:1  | Received a gift from Sif Muna
 72000 | Slime:1  | You fall into a shaft and drop 1 floor!
 72443 | Slime:3  | Reached XP level 22. HP: 143/143 MP: 20/45
 72926 | Slime:3  | Lost mutation: Your mind is acute. (Int +2) [a shining eye]
 73883 | Slime:4  | Found a viscous altar of Jiyva.
 74135 | Slime:5  | Entered Level 5 of the Pits of Slime
 74349 | Slime:5  | Lost mutation: You are robust. (+10% HP) [a shining eye]
 74352 | Slime:5  | Received a gift from Sif Muna
 74370 | Slime:5  | Got Sif Muna's Thorough Guide to Hermeneutics {god gift}
 74539 | Slime:5  | Reached skill level 20 in Spellcasting
 74638 | Slime:5  | Noticed the Royal Jelly
 75340 | Slime:5  | Found a viscous altar of Jiyva.
 75345 | Slime:5  | Found the +10 zealot's sword {holy, *Rage rN+ EV+3}
 75552 | Slime:5  | Killed the Royal Jelly
 75554 | Slime:5  | Gained mutation: You sometimes lose the ability to read
                  | scrolls when taking damage. [a shining eye]
 76349 | Slime:5  | Got a slimy rune of Zot
 76399 | Slime:5  | Identified the ring of Balance {Ice rPois}
 76413 | Slime:5  | Identified the +0 pair of gloves of Wu Jian's Whim {rC+
                  | Int+3 Dex+4}
 76415 | Slime:5  | Identified the +4 scimitar "Caomill" {vorpal, rElec}
 76420 | Slime:5  | Identified the +0 leather armour of Melancholy {Regen+
                  | Str+7}
 76462 | Slime:5  | Identified the +10 quarterstaff "Hiehim" {vamp, rC- rN+
                  | Int+4}
 76871 | Vaults:1 | Entered Level 1 of the Vaults
 77077 | Vaults:1 | Found the ring of the Octopus King
 77089 | Vaults:1 | Identified a ring of the Octopus King {AC+1 EV+1 Str+1
                  | Int+1 Dex+1 SInv}
 77492 | Vaults:1 | Reached XP level 23. HP: 103/136 MP: 15/47
 77938 | Shoals:3 | Lost mutation: You sometimes lose the ability to read
                  | scrolls when taking damage. [potion of mutation]
 77938 | Shoals:3 | Gained mutation: Your natural rate of healing is unusually
                  | fast. [potion of mutation]
 77938 | Shoals:3 | Gained mutation: You sometimes lose the ability to read
                  | scrolls when taking damage. [potion of mutation]
 77938 | Shoals:3 | Lost mutation: You sometimes lose the ability to read
                  | scrolls when taking damage. [potion of mutation]
 77938 | Shoals:3 | Gained mutation: Your muscles are strong. (Str +2) [potion
                  | of mutation]
 78220 | Vaults:1 | Received a gift from Sif Muna
 78221 | Vaults:1 | Got Bugu's Disquisition on the Lethal Voyage {god gift}
 78367 | Vaults:1 | Learned a level 9 spell: Fire Storm
 80670 | Vaults:2 | Received a gift from Sif Muna
 80671 | Vaults:2 | Got Sif Muna's Papyrus of Displacement and Sinister Arts
                  | {god gift}
 80780 | Vaults:2 | Reached skill level 21 in Spellcasting
 81995 | Vaults:3 | Found a staircase to the Crypt.
 82689 | Vaults:3 | Noticed Boris
 82700 | Vaults:3 | Killed Boris
 82701 | Vaults:3 | Reached XP level 24. HP: 106/143 MP: 4/48
 83375 | Vaults:4 | Identified the +1 chain mail "Meneprot" {rN++}
 83395 | Vaults:4 | Received a gift from Sif Muna
 83396 | Vaults:4 | Got Sif Muna's Almanac of Necromancy and Heat {god gift}
 85515 | Vaults:5 | Entered Level 5 of the Vaults
 85520 | Vaults:5 | Received a gift from Sif Muna
 85521 | Vaults:5 | Noticed an ancient lich
 85787 | Vaults:5 | Reached skill level 22 in Spellcasting
 85789 | Vaults:5 | Killed an ancient lich
 85801 | Vaults:5 | Noticed a dread lich
 85812 | Vaults:5 | Killed a dread lich
 85830 | Vaults:5 | Reached XP level 25. HP: 141/148 MP: 13/49
 86227 | Vaults:5 | Identified the +6 scale mail "Votteiw" {Dex+5}
 87157 | Vaults:5 | Acquired the ring of the Shining Light {rF+ rC+}
 87207 | Vaults:5 | Noticed an ancient lich
 87216 | Vaults:5 | Killed an ancient lich
 87601 | Vaults:5 | Reached skill level 23 in Spellcasting
 87989 | Vaults:5 | Acquired the ring of Muhylu Rewn {rC+ MP+9}
 88371 | Vaults:5 | Identified the +1 leather armour of Action {rPois rF-
                  | Will++ Dex-5}
 88715 | Vaults:5 | Got a silver rune of Zot
 88999 | Vaults:5 | Received a gift from Sif Muna
 89014 | Vaults:5 | Learned a level 4 spell: Airstrike
 89543 | Depths:1 | Entered Level 1 of the Depths
 89721 | Depths:1 | Found a gateway to Hell.
 89756 | Depths:1 | Found a runed translucent gate.
 89756 | Depths:1 | Found a runed translucent gate.
 89756 | Depths:1 | Found a runed translucent gate.
 89777 | Depths:1 | Reached XP level 26. HP: 154/154 MP: 46/50
 89781 | Depths:1 | Paralysed by an air elemental for 1 turns
 89781 | Depths:1 | Noticed Sojobo
 89787 | Depths:1 | Killed Sojobo
 89948 | Depths:1 | Reached skill level 1 in Air Magic
 90474 | Depths:1 | Noticed Jymonawe's ghost (adept DrGl)
 90533 | Depths:1 | Killed Jymonawe's ghost
 90735 | Depths:1 | Identified the +8 battleaxe of Mourning {drain, Int+8}
 90743 | Depths:1 | Identified the +0 pair of gloves of Alilu {MP-9 Dex+3
                  | Slay+3}
 91523 | Depths:2 | Found a one-way gate leading to the halls of Pandemonium.
 91802 | Depths:2 | Found a shadowy altar of Dithmenos.
 91987 | Depths:2 | Received a gift from Sif Muna
 92478 | Depths:2 | Reached skill level 24 in Spellcasting
 92825 | Depths:2 | Found an ancient bone altar of Kikubaaqudgha.
 94230 | Depths:3 | Received a gift from Sif Muna
 94233 | Depths:3 | Got Sif Muna's Catalogue of Enchanting Orientation {god
                  | gift}
 94609 | Depths:3 | Reached XP level 27. HP: 160/160 MP: 51/51
 94936 | Depths:3 | Found Esyli's Magic Scroll Shoppe.
 95153 | Depths:3 | Reached skill level 10 in Translocations
 95334 | Depths:3 | Identified the +8 great sword of Wyrd {speed, *Rage Will+++
                  | Str+8 Int-2}
 96046 | Depths:4 | You fall into a shaft and drop 1 floor!
 96046 | Depths:5 | Entered Level 5 of the Depths
 96056 | Depths:5 | Noticed the Enchantress
 96066 | Depths:5 | Killed the Enchantress
 96225 | Depths:4 | Found a bloodstained altar of Trog.
 96512 | Depths:4 | Found a gateway to a ziggurat.
 96842 | Depths:4 | You fall into a shaft and drop 1 floor!
 97093 | Depths:5 | Reached skill level 25 in Spellcasting
 97351 | Depths:5 | Received a gift from Sif Muna
 97353 | Depths:5 | Got Sif Muna's Handbook of Lethal Creation {god gift}
 97695 | Depths:5 | Identified the +0 ring mail "Jaell" {*Slow Int+3 Dex+8}
 97704 | Depths:5 | Found Ebusiu's Book Emporium.
 97710 | Depths:5 | Bought a manual of Fighting for 1545 gold pieces
 98207 | Depths:5 | Found a gate to the Realm of Zot.
 98568 | Depths:5 | Upgraded the game from 0.27-a0-1374-gc14e5d3922 to
                  | 0.27-a0-1381-g81fdcbfb23
 98599 | Depths:5 | Learned a level 8 spell: Lehudib's Crystal Spear
 98664 | Hell     | Entered the Vestibule of Hell
 98664 | Hell     | Noticed Geryon
 98673 | Hell     | Killed Geryon
 98673 | Hell     | Noticed Murray
 99162 | Hell     | Killed Murray
 99163 | Hell     | Reached skill level 10 in Shields
 99170 | Hell     | Slain by a reaper

Illustrated notes

Levels and vault maps discovered:
D:1:      dpeg_arrival_three_same_balls, layout_basic,
          chequers_serial_rivers_micro_c
D:2:      layout_loops_ring, dk_noncrumbling_3, minmay_snake_closets
D:3:      layout_loops_corners, chequers_temple_overflow_statue_of_worship,
          nicolae_ashenzari_panopticon, basic_ecumenical_altar, uniq_jessica,
          uniq_sigmund
D:4:      layout_layer_cave, lemuel_temple_firewalk_a,
          hangedman_decor_diamond_cutter
D:5:      minmay_general_purpose_star, layout_layer_cave, grunt_decor_fettered,
          minivault_25, minmay_misc_feat_columns
D:6:      layout_cave_pools, serial_bayou_pond_d, minmay_strange_pillars
D:7:      layout_basic, serial_shops, nicolae_shop_behind_doors, uniq_duvessa,
          uniq_menkaure
D:8:      cheibrodos_frozen_isle, layout_basic, lemuel_round_altar,
          lemuel_doored_altar, enter_bailey_5, minmay_increasing_density,
          uniq_joseph, uniq_maurice
D:9:      kennysheep_spiral_hall, layout_cave_pools,
          lemuel_coloured_pillars_altar, gammafunk_temple_overflow_elements,
          orc_0_dummy, ebering_ghost_reflecting_pool, hex_medium, st_stairs_10
D:10:     layout_gridville, minmay_lair_entry_grove
D:11:     layout_cave_pools, minivault_24, okawaru_gym_becter
D:12:     layout_layer_cave, uniq_kirke, uniq_erolcha
D:13:     layout_irregular_city, ximxim_vaults_locker_room,
          ebering_ghost_inner_flame
D:14:     layout_basic, serial_park_tiny_1, nicolae_uskayaw_dance_hall
D:15:     gammafunk_depths_entry_grave, layout_loops_ring, serial_bayou_pond_b,
          portal_ice_cave_entry_pillars_2
Temple:   cyrus_circular_temple
Lair:1:   layout_chaotic_city, grunt_megastairs_2
Lair:2:   wad_woods_structure_01, layout_cave_pods, uniq_nergalle
Lair:3:   layout_cave_pods, minmay_snake_entry_six_corridors,
          serial_bayou_lake_a
Lair:4:   layout_regular_city, elwin_shoals_entry_rocks
Lair:5:   layout_gridlike, grunt_megastairs_5, lemuel_fruit_fields,
          infiniplex_staircase_pool, minmay_lair_oklob_chamber
Lair:6:   wormcave, layout_regular_city, guppyfry_lair_end_dragon,
          slime_altar_1, ebering_ghost_disaster_area, serial_bayou_shore_b
Shoals:1: layout_shoals
Shoals:2: layout_shoals
Shoals:3: layout_shoals, uniq_nikola
Shoals:4: shoals_end_grunt_ice, layout_shoals
Snake:1:  layout_cave_shapes, serial_bayou_lagoon_b, grunt_megastairs_3,
          uniq_donald
Snake:2:  layout_grid_maze, nicolae_alphabet_shops, uniq_aizul
Snake:3:  layout_layer_cave, special_room, uniq_asterion
Snake:4:  snake_pit, layout_onion, serial_shops, bzr_entry_road,
          ebering_ghost_xom, nicolae_snake_gridmaze_squiggle,
          serial_bayou_pond_b, st_stairs_5, uniq_mara
Slime:1:  layout_caves
Slime:2:  layout_caves
Slime:3:  layout_caves
Slime:4:  layout_caves, basic_altar
Slime:5
Orc:1:    layout_caves, basic_altar, gammafunk_ghost_abyssal_escape
Orc:2:    grunt_orc_gardens, layout_caves, grunt_orc_garden, grunt_orc_garden,
          grunt_orc_garden, grunt_orc_garden, nicolae_volcano_entry_vermiform,
          uniq_azrael, uniq_josephine
Elf:1:    layout_rooms, serial_shops, nicolae_shop_overgrown_old_shop,
          hangedman_elf_disciples, bh_hangedman_babel_library,
          lemuel_upstairs_altar
Elf:2:    layout_geoelf_grid, serial_shops, shop, grunt_ministairs_5,
          lemuel_elevator
Elf:3:    minmay_elf_hall_quartered_circle, layout_geoelf_grid,
          gammafunk_ghost_door_vault, serial_shops, bzr_entry_safe
Vaults:1: v_alt_pattern_5, vaults_dpeg_hooks, v_pattern_1, v_rooms_5,
          nicolae_vaults_what_the_h, vaults_room_boxed,
          hangedman_vaults_stretched_pinwheel, nicolae_vaults_yaktaur_gun_rack,
          v_misc_16, layout_vaults_big_room
Vaults:2: v_misc_30, v_misc_4, nicolae_vaults_network_periphery,
          hangedman_vaults_stream, vaults_dpeg_cross,
          ontoclasm_vaults_decontamination, vaults_room_fours,
          nicolae_vaults_asterisk, layout_vaults_omnigrid
Vaults:3: v_misc_12, v_misc_25, minmay_crypt_entry_simple_statues,
          nicolae_vaults_network_square, ontoclasm_vaults_chip,
          nicolae_vaults_little_ls, v_misc_5, dpeg_vaults_monster_doublerow,
          layout_vaults_omnibox, uniq_boris
Vaults:4: v_misc_22, ontoclasm_vaults_ring_large, nicolae_vaults_ninety_degrees,
          ontoclasm_vaults_gateway, hangedman_vaults_river_flow,
          nicolae_vaults_little_squares_3, nicolae_vaults_network_barrier,
          vaults_room_semicircle, ontoclasm_vaults_spin,
          nicolae_vaults_network_star, ontoclasm_vaults_loading_screen,
          dpeg_vaults_monster_box, vaults_dpeg_diagonal, layout_vaults_ring
Vaults:5
Depths:1: layout_forbidden_donut, gammafunk_ghost_ooze, serial_bayou,
          serial_bayou_shore_b, serial_bayou_pond_c, serial_bayou_pond_c,
          serial_bayou_shore_a, abyss_entry_crystal, hell_entry, sword_in_stone,
          firewood_loft
Depths:2: evilmike_negative_zone, layout_gridlike, rand_demon_pan_entry_7,
          nicolae_dithmenos_the_darkroom, hell_entry,
          infiniplex_staircase_pool_lava
Depths:3: nzn_winding_woodlands_cross [nzn_winding_woodlands_5x15_zeroes,
          nzn_winding_woodlands_5x15_sidewinder,
          nzn_winding_woodlands_5x15_lazy_stream,
          nzn_winding_woodlands_5x15_sawtooth,
          nzn_winding_woodlands_15x15_five_gardens], layout_basic, serial_shops,
          nicolae_shop_statue_plus, serial_glass, glass_columns_b,
          glass_columns_b, pan_entry, pf_vacation_house_of_asmodeus,
          infiniplex_staircase_pool_2, serial_bayou_shore_b
Depths:4: dpeg_oklob_shooting_range, layout_honeycomb, enter_ziggurat_d,
          hangedman_abyss_entry_splay, trog_three_pillars_becter, hellmouth_1,
          rand_demon_pan_entry_1
Depths:5: grunt_zot_entry_gee_three, layout_basic, abandoned_shop, hell_entry,
          minmay_shop_star, serial_bayou_shore_b, uniq_enchantress
Hell

Skill      XL: |  1  2  3  4  5  6  7  8  9 10 11 12 13 14 15 16 17 18 19 20 21 22 23 24 25 26 27 |
---------------+----------------------------------------------------------------------------------+-----
Stealth        | 3 4 5 6 7 |  7.7
Fire Magic     | 4 5 6 7 8 10 11 12 13 14 15 16 18 19 20 21 | 21.6
Spellcasting   | 3 4 5 6 7 8 9 10 11 13 14 15 16 17 18 19 20 21 22 23 24 25 | 25.5
Conjurations   | 2 3 4 6 8 10 12 13 14 15 16 17 18 19 20 21 | 21.3
Staves         | 1 2 3 4 5 6 7 |  7.9
Shields        | 1 3 4 5 6 7 8 9 10 | 10.0
Dodging        | 3 4 5 6 7 8 9 |  9.5
Fighting       | 1 2 3 4 5 6 |  6.9
Translocations | 1 2 4 6 8 9 10 | 10.5
Invocations    | 2 4 5 |  5.3
Earth Magic    | 1 2 3 4 5 6 7 |  7.6
Evocations     | 1 2 |  2.3
Ice Magic      | 2 4 |  4.5
Summonings     | 3 |  3.2
Air Magic      | 1 2 |  2.2

Action                   |  1- 3 |  4- 6 |  7- 9 | 10-12 | 13-15 | 16-18 | 19-21 | 22-24 | 25-27 || total
-------------------------+-------+-------+-------+-------+-------+-------+-------+-------+-------++-------
Melee: Constrict         |     1 |     3 |     8 |    20 |    33 |    43 |    16 |    15 |    10 ||   149
       Tentacles         |     1 |       |     2 |    31 |    79 |    72 |    17 |    48 |    47 ||   297
       Unarmed           |     1 |       |       |       |       |       |       |       |       ||     1
       Staff             |       |    15 |    33 |   110 |   248 |   249 |   101 |   176 |   131 ||  1063
 Cast: Foxfire           |    74 |    75 |   186 |   349 |   229 |    67 |    57 |    41 |    18 ||  1096
       Conjure Flame     |       |     2 |     4 |    12 |     3 |       |       |       |       ||    21
       Sticky Flame      |       |       |    10 |    45 |    53 |     7 |     2 |       |       ||   117
       Fireball          |       |       |       |    66 |   187 |   104 |   252 |    85 |    48 ||   742
       Bolt of Magma     |       |       |       |     1 |    35 |   171 |    22 |    23 |    32 ||   284
       Iskenderun's Myst |       |       |       |       |    35 |    43 |    24 |    34 |    99 ||   235
       Orb of Destructio |       |       |       |       |    10 |    78 |   188 |   100 |   200 ||   576
       Searing Ray       |       |       |       |       |       |     2 |     3 |       |       ||     5
       Ignition          |       |       |       |       |       |     1 |    32 |    34 |     8 ||    75
       Blink             |       |       |       |       |       |       |    11 |     5 |    14 ||    30
       Hailstorm         |       |       |       |       |       |       |     1 |       |       ||     1
       Spellforged Servi |       |       |       |       |       |       |     1 |     1 |     1 ||     3
       Dispersal         |       |       |       |       |       |       |       |     3 |     2 ||     5
       Fire Storm        |       |       |       |       |       |       |       |    27 |    58 ||    85
       Airstrike         |       |       |       |       |       |       |       |       |     8 ||     8
       Lehudib's Crystal |       |       |       |       |       |       |       |       |     2 ||     2
Invok: Channel Magic     |       |       |       |     1 |     3 |    16 |    13 |     6 |    19 ||    58
       Forget Spell      |       |       |       |       |       |       |     2 |       |       ||     2
Evoke: Wand              |       |       |       |       |    14 |     2 |     6 |       |     4 ||    26
  Use: Scroll            |     1 |     2 |     5 |     4 |     7 |     7 |    10 |     3 |     8 ||    47
       Potion            |       |     3 |     6 |     1 |    10 |    10 |     2 |     6 |     4 ||    42
 Stab: Sleeping          |     1 |       |     2 |     1 |     4 |     3 |     1 |     3 |     2 ||    17
       Distracted        |       |       |       |       |       |     2 |       |       |       ||     2
Armor: Skin              |     2 |    10 |    19 |    19 |    58 |    31 |    21 |    13 |    35 ||   208
Dodge: Dodged            |    10 |    20 |    66 |   164 |   296 |   200 |   185 |   100 |   144 ||  1185
Block: Buckler           |       |     3 |    47 |    93 |   172 |   134 |   128 |   117 |   167 ||   861
       Reflection        |       |       |       |       |       |     2 |    20 |    26 |    17 ||    65

Table legend: (Time is in decaauts)
 A = Elapsed time spent in this place.
 B = Non-inter-level travel time spent in this place.
 C = Inter-level travel time spent in this place.
 D = Time resting spent in this place.
 E = Time spent auto-exploring this place.
 F = Levels seen in this place.
 G = Mean time per level.
                   A        B        C        D        E       F      G
               +--------+--------+--------+--------+--------+-----+--------+
         Total |  99137 |  95183 |   3954 |  27672 |  44029 |  55 | 1802.5 |
       Dungeon |  28365 |  26721 |   1644 |   7374 |  12584 |  15 | 1891.0 |
        Temple |     17 |     17 |      0 |      0 |      0 |   1 |   17.0 |
          Lair |  16561 |  15394 |   1167 |   5188 |   6183 |   6 | 2760.2 |
        Shoals |   6625 |   6383 |    242 |   1208 |   3964 |   4 | 1656.2 |
     Snake Pit |   8916 |   8731 |    185 |   3240 |   3581 |   4 | 2229.0 |
    Slime Pits |   4785 |   4705 |     80 |   2186 |   1604 |   5 |  957.0 |
  Orcish Mines |   3467 |   3330 |    137 |    506 |   1512 |   2 | 1733.5 |
   Elven Halls |   7259 |   7129 |    130 |   3145 |   2070 |   3 | 2419.7 |
        Vaults |  12039 |  11769 |    270 |   2231 |   6501 |   5 | 2407.8 |
        Depths |   9566 |   9468 |     98 |   1973 |   5723 |   5 | 1913.2 |
          Hell |     39 |     39 |      0 |      0 |      0 |   1 |   39.0 |
         Abyss |      6 |      6 |      0 |      0 |      0 |   1 |    6.0 |
        Bazaar |    159 |    159 |      0 |      0 |      0 |   2 |   79.5 |
       Volcano |   1325 |   1325 |      0 |    620 |    307 |   1 | 1325.0 |
               +--------+--------+--------+--------+--------+-----+--------+

Top non-repeatable levels by time:
  Lair:2: 4490 daAuts
  Lair:6: 4146 daAuts
Vaults:5: 3537 daAuts
Depths:2: 3199 daAuts
    D:14: 2941 daAuts
   Elf:2: 2926 daAuts
     D:8: 2911 daAuts
   Elf:3: 2832 daAuts
 Snake:2: 2795 daAuts
Vaults:4: 2751 daAuts
    D:13: 2747 daAuts
 Snake:4: 2704 daAuts
    D:10: 2557 daAuts
     D:9: 2481 daAuts
  Lair:5: 2378 daAuts
